 Dungeon Crawl Stone Soup version 0.25-a0-58-g9dd530fc12 (console) character file.

Game seed: 12108718836198871885, levelgen mode: deterministic

1225 utis the Grave Robber (level 8, 0/49 HPs)
             Began as a Tengu Necromancer on Oct 26, 2019.
             Killed from afar by a centaur (16 damage)
             ... with a bolt of acid
             ... on level 6 of the Dungeon.
             The game lasted 00:17:15 (8215 turns).

utis the Grave Robber (Tengu Necromancer)           Turns: 8215, Time: 00:17:28

Health: 0/49       AC: 10    Str: 10    XL:     8   Next: 47%
Magic:  12/12      EV: 13    Int: 21    God:
Gold:   348        SH:  0    Dex: 15    Spells: 6/11 levels left

rFire    . . .     SeeInvis .   a - +1 dagger (venom)
rCold    + . .     Gourm    .   (no shield)
rNeg     . . .     Faith    .   D - +0 scale mail
rPois    .         Spirit   .   (helmet restricted)
rElec    .         Reflect  .   (no cloak)
rCorr    .         Harm     .   g - +2 pair of gloves
MR       .....                  (boots unavailable)
Stlth    +.........             E - amulet of magic regeneration {@e1}
HPRegen  0.16/turn              C - ring of protection from cold
MPRegen  0.38/turn              I - +5 ring of intelligence

@: flying quickly and evasively, quick
A: beak, talons 3, able to fly
a: Stop Flying


You were on level 6 of the Dungeon.
You were not hungry.

You visited 1 branch of the dungeon, and saw 6 of its levels.

You collected 348 gold pieces.

Inventory:

Hand Weapons
 a - a +1 dagger of venom (weapon)
 b - a +0 hunting sling
 e - a +0 club
 l - a +0 whip
 o - a +0 short sword
 v - a +0 war axe
 w - a +2 flail of protection
 F - a +0 vampiric trident
Missiles
 f - 177 stones
 p - 12 poisoned darts (quivered)
 r - 29 sling bullets
Armour
 g - a +2 pair of gloves (worn)
 q - a +0 robe
 y - a +0 ring mail
 D - a +0 scale mail (worn)
 G - a +0 scale mail
Jewellery
 C - a ring of protection from cold (left hand)
 E - an amulet of magic regeneration (around neck) {@e1}
 I - a +5 ring of intelligence (right hand)
Wands
 j - a wand of random effects (11)
Scrolls
 k - 7 scrolls of fear
 n - a scroll of teleportation {@r4}
 t - a scroll of enchant armour
 u - 4 scrolls of remove curse {@r2}
 A - a scroll of magic mapping
 B - a scroll of enchant weapon
Potions
 d - a potion of berserk rage {!q}
 i - a potion of haste {@q3}
 m - 4 potions of curing {@q1}
 s - 4 potions of invisibility
 z - a potion of might
Comestibles
 c - 10 rations {@e1}
 h - a chunk of flesh


   Skills:
 + Level 5.1 Fighting
 + Level 3.6 Armour
 + Level 6.1 Dodging
 - Level 2.0 Stealth
 - Level 2.0 Spellcasting
 + Level 7.3 Necromancy


You had 6 spell levels left.
You knew the following spells:

 Your Spells              Type           Power        Failure   Level  Hunger
a - Pain                  Necr           ####         4%          1    #......
n - Animate Skeleton      Necr           N/A          4%          1    #......
v - Vampiric Draining     Necr           ####......   13%         3    ###....

Your spell library contained the following spells:

 Spells                   Type           Power        Failure   Level  Hunger
 Animate Dead             Necr           N/A          41%         4    #####..
 Regeneration             Chrm/Necr      ###.......   52%         3    ###....


Dungeon Overview and Level Annotations

Branches:
Dungeon (6/15)             Temple (0/1) D:4

Altars:
Fedhas
Gozag
Hepliaklqana
Makhleb
Ru
Trog
Uskayaw
Xom


Innate Abilities, Weirdness & Mutations

You have a beak for a mouth.
You have claws for feet.
You can fly continuously.


Message History

Aim: a centaur, carrying a wand of acid (6) (hasn't noticed you)
You throw a poisoned dart. The poisoned dart hits the centaur.
The centaur is poisoned.
The centaur shouts!
The centaur wields a +0 shortbow.
The centaur shoots an arrow.
The arrow hits you.
The centaur shoots an arrow.
The arrow hits you!
You see here an arrow.
You start resting.
The centaur is too close now for your liking.
The centaur unwields a +0 shortbow.
The centaur hits you.
You see here an arrow.
Your scale mail prevents you from hitting the centaur.
The centaur is lightly wounded.
The centaur zaps a wand.
The bolt of acid hits you!
* * * LOW HITPOINT WARNING * * *
You are splashed with acid!
* * * LOW HITPOINT WARNING * * *
The centaur zaps a wand.
The bolt of acid hits you!
You die...

............➘......,*****,,*
...[................>░░....**
...........................,**
.░................░€.......*,*
░░░......€................░*,**
░░░░........░,..░░........,,,,***
░░.........░*░░..░.....░***,*,,*,
...........░ ░.c░░....░░.░░***,,,
...░░..░░.>░░░..Q.........░ *,,,
...░...░░....░.....░░░...░░***,,,
░..░...░░░░.░░......░░*..░**,,,,,
░..░...░░░░..........░...░░,,,,,,
░░.....░░.░.░...............*,,,*
.░..........░░░░░.....░░░░░.,*,,*
..........░.░░░░░.....░ *,,**,,,
*,,......░░..░.░...░.░░***,,,***,
**,......,░........░...,,,,,** **


You could see a centaur.

Vanquished Creatures
  Prince Ribbit (D:5)
  An ice beast (D:5)
  A sky beast (D:6)
  A phantom (D:5)
  2 centaurs
  A bullfrog (D:6)
  A scorpion (D:4)
  A crimson imp (D:5)
  An orc priest (D:3)
  3 hounds
  An iguana (D:5)
  A worker ant (D:5)
  An orc wizard (D:4)
  Ijyb (D:5)
  3 gnolls (D:6)
  5 adders
  A shadow imp (D:5)
  An ooze (D:2)
  An adder skeleton (D:4)
  5 worms
  A dart slug (D:2)
  5 leopard geckos
  15 orcs
  7 bats
  7 giant cockroaches
  8 goblins
  8 hobgoblins
  11 jackals
  4 quokkas
  A ball python (D:2)
  4 frilled lizards
  7 kobolds
  13 rats
124 creatures vanquished.

Notes
Turn   | Place    | Note
-------+----------+-------------------------------------------
     0 | D:1      | utis the Tengu Necromancer began the quest for the Orb.
     0 | D:1      | Reached XP level 1. HP: 10/10 MP: 4/4
   670 | D:1      | Reached XP level 2. HP: 16/16 MP: 3/6
   692 | D:1      | Learned a level 1 spell: Animate Skeleton
  1043 | D:2      | Reached skill level 1 in Fighting
  1579 | D:2      | Found an opulent altar of Gozag.
  1796 | D:2      | Reached XP level 3. HP: 11/20 MP: 3/7
  2000 | D:2      | Learned a level 3 spell: Vampiric Draining
  2271 | D:2      | Found a sacrificial altar of Ru.
  2273 | D:2      | Found a sacrificial altar of Ru.
  2273 | D:2      | Found a bloodstained altar of Trog.
  2315 | D:2      | Found a shimmering altar of Xom.
  2315 | D:2      | Found a hazy altar of Hepliaklqana.
  2315 | D:2      | Found a blossoming altar of Fedhas.
  3145 | D:2      | Reached skill level 5 in Necromancy
  3145 | D:2      | Reached XP level 4. HP: 20/26 MP: 1/8
  4279 | D:3      | Gained mutation: You can fly continuously. [Tengu growth]
  4279 | D:3      | Reached XP level 5. HP: 10/31 MP: 5/9
  5645 | D:4      | Noticed a centaur
  5657 | D:4      | Killed a centaur
  5657 | D:4      | Reached XP level 6. HP: 21/37 MP: 10/10
  5972 | D:4      | Reached skill level 6 in Necromancy
  6239 | D:4      | Found a burning altar of Makhleb.
  6489 | D:4      | Found a staircase to the Ecumenical Temple.
  6739 | D:4      | Found a hide-covered altar of Uskayaw.
  6861 | D:5      | Entered Level 5 of the Dungeon
  6873 | D:5      | Reached skill level 1 in Armour
  6873 | D:5      | Reached XP level 7. HP: 29/42 MP: 11/11
  6981 | D:5      | Reached skill level 5 in Dodging
  7102 | D:5      | Noticed Ijyb
  7118 | D:5      | Killed Ijyb
  7593 | D:5      | Found a hazy altar of Hepliaklqana.
  7597 | D:5      | Found a shimmering altar of Xom.
  7597 | D:5      | Noticed a caustic shrike
  7598 | D:5      | Noticed a caustic shrike
  7598 | D:5      | Noticed a spectral ugly thing
  7738 | D:5      | Noticed Prince Ribbit
  7755 | D:5      | Killed Prince Ribbit
  7755 | D:5      | Reached skill level 7 in Necromancy
  7755 | D:5      | Reached XP level 8. HP: 23/48 MP: 3/12
  8034 | D:6      | Reached skill level 5 in Fighting
  8215 | D:6      | Killed from afar by a centaur

Levels and vault maps discovered:
D:1:      minmay_arrival_cross, layout_basic
D:2:      minmay_razor_zed, layout_basic, grunt_gozag_statues,
          doesnt_xom_only_xom
D:3:      layout_rooms, first_ration, minivault_24, nicolae_underground_beach
D:4:      layout_basic, lemuel_coloured_pillars_altar,
          minmay_temple_entry_butterflies, makhleb_blood_cavern_becter
D:5:      layout_loops_ring, regret_index_temple_of_mockery,
          uniq_prince_ribbit1, uniq_ijyb
D:6:      layout_cave_pools, nicolae_overflow_crystal_walls

Skill      XL: |  1  2  3  4  5  6  7  8 |
---------------+-------------------------+-----
Fighting       | 1 2 3 4 5 |  5.1
Dodging        | 3 4 5 6 |  6.1
Necromancy     | 5 6 7 |  7.3
Armour         | 1 3 |  3.6
Stealth        | |  2.0
Spellcasting   | |  2.0

Action                   |  1- 3 |  4- 6 |  7- 9 || total
-------------------------+-------+-------+-------++-------
Melee: Short sword       |    12 |       |       ||    12
       Kick              |    14 |    40 |    25 ||    79
       Club              |     4 |       |       ||     4
       Whip              |     4 |       |       ||     4
       War axe           |    35 |    24 |       ||    59
       Peck              |     3 |    25 |    18 ||    46
       Dagger            |       |   139 |    70 ||   209
       Flail             |       |       |    42 ||    42
 Fire: Hunting sling     |     7 |    34 |     4 ||    45
Throw: Stone             |     4 |     8 |     1 ||    13
       Dart              |       |       |     3 ||     3
 Cast: Pain              |    42 |     1 |     2 ||    45
       Vampiric Draining |     4 |     4 |     4 ||    12
 Abil: Fly               |       |     1 |       ||     1
  Use: Scroll            |       |    13 |     1 ||    14
 Stab: Sleeping          |       |     1 |     3 ||     4
  Eat: Chunk             |     7 |    13 |     5 ||    25
Armor: Robe              |    12 |    14 |       ||    26
       Ring mail         |       |    12 |    22 ||    34
       Scale mail        |       |       |    13 ||    13
Dodge: Dodged            |    74 |   124 |    56 ||   254

Table legend:
 A = Non-vault XP
 B = Vault XP
 C = Vault XP percentage of total XP
 D = Non-vault monster count
 E = Vault monster count
 F = Vault count percentage of total count
                 A         B        C        D         E       F
            +---------+---------+-------+---------+---------+-------
      Total |    1368 |     382 |  21.8 |     109 |      15 |  12.1
            +---------+---------+-------+---------+---------+-------
        D:1 |      10 |       0 |   0.0 |       7 |       0 |   0.0
        D:2 |      92 |      31 |  25.2 |      35 |      12 |  25.5
        D:3 |     106 |       0 |   0.0 |      25 |       0 |   0.0
        D:4 |     313 |      42 |  11.8 |      22 |       1 |   4.3
        D:5 |     527 |     309 |  37.0 |      12 |       2 |  14.3
        D:6 |     320 |       0 |   0.0 |       8 |       0 |   0.0
            +---------+---------+-------+---------+---------+-------
